 Dungeon Crawl Stone Soup version 0.26-a0-1161-g0398aca569 (webtiles) character file.

Game seed: 10362519099853004844

113628 Kaver the Geomancer (level 16, -14/97 HPs)
             Began as a Gargoyle Earth Elementalist on Dec 28, 2020.
             Was a High Priest of Vehumet.
             Hit by a large rock thrown by Polyphemus (39 damage)
             ... on level 2 of the Shoals.
             The game lasted 01:36:12 (32660 turns).

Kaver the Geomancer (Gargoyle Earth Elementalist)  Turns: 32660, Time: 01:36:18

Health: -14/97     AC: 32    Str: 14    XL:     16   Next: 63%
Magic:  23/40      EV: 15    Int: 24    God:    Vehumet [*****.]
Gold:   2603       SH:  0    Dex: 10    Spells: 8/37 levels left

rFire    + . .     SeeInvis .   m - +1 whip of Impermanence {venom, rF+ rN+}
rCold    . . .     Faith    .   (no shield)
rNeg     + + .     Spirit   .   a - +1 steam dragon scales
rPois    ∞         Reflect  .   Y - +1 hat {Int+3}
rElec    +         Harm     .   w - scarf {+Inv}
rCorr    .         Rampage  .   B - +0 pair of gloves
Will     +....                  F - +2 pair of boots
Stlth    ++........             f - amulet of magic regeneration
HPRegen  0.26/turn              H - ring of magical power
MPRegen  0.52/turn              v - +4 ring of protection

@: flying, slowed, very slow
A: big wings, icy blue scales 1, iridescent scales 1, negative energy resistance
1, electricity resistance, unbreathing, petrification resistance, miasma
immunity, AC +12
a: Stop Flying, Renounce Religion, Evoke Invisibility


You were on level 2 of the Shoals.
You worshipped Vehumet.
Vehumet was extremely pleased with you.
You visited 5 branches of the dungeon, and saw 26 of its levels.
You also visited: Bailey, Gauntlet and Ice Cave.

You collected 5114 gold pieces.
You spent 2511 gold pieces at shops.

Inventory:

Hand Weapons
 m - the +1 whip of Impermanence (weapon) {venom, rF+ rN+}
   (You took it off a big kobold on level 7 of the Dungeon)

   It poisons the flesh of those it strikes.
   It protects you from fire.
   It protects you from negative energy.
 V - a +3 vampiric morningstar
Missiles
 b - 718 stones (quivered)
 c - 4 throwing nets
Armour
 a - +1 steam dragon scales (worn)
 j - a +2 robe of the Archmagi
 w - a scarf of invisibility (worn)
 B - a +0 pair of gloves (worn)
 F - a +2 pair of boots (worn)
 X - a scarf of resistance
 Y - a +1 hat of intelligence (worn)
Jewellery
 f - an amulet of magic regeneration (around neck)
 g - an uncursed ring of wizardry
 l - the ring of the Falcon {+Fly rPois rN+ Int-2 SInv}
   (You found it on level 8 of the Dungeon)

   [ring of see invisible]

   It affects your intelligence (-2).
   It protects you from poison.
   It protects you from negative energy.
   It lets you see invisible.
   It lets you fly.
 n - an uncursed ring of protection from fire
 v - a +4 ring of protection (right hand)
 H - a ring of magical power (left hand)
Wands
 i - a wand of iceblast (29)
 y - a wand of flame (17)
 z - a wand of enslavement (27)
 E - a wand of random effects (53)
 N - a wand of acid (20)
 O - a wand of digging (1)
 Z - a wand of polymorph (7)
Scrolls
 k - 3 scrolls of magic mapping
 p - 2 scrolls of blinking
 r - 11 scrolls of teleportation
 s - 22 scrolls of identify
 t - 3 scrolls of fog
 u - 2 scrolls of fear
 J - 11 scrolls of remove curse
 U - 3 scrolls of amnesia
Potions
 d - 3 potions of berserk rage
 e - 6 potions of cancellation
 h - 4 potions of heal wounds
 o - 7 potions of lignification
 q - 2 potions of might
 A - 16 potions of curing
 C - 3 potions of resistance
 D - a potion of ambrosia
 R - a potion of invisibility
 S - 3 potions of mutation
 T - 4 potions of magic
 W - 2 potions of brilliance
Miscellaneous
 I - a condenser vane
 K - a lightning rod (4/4)
 L - a tin of tremorstones (2/2)
 M - a box of beasts
 Q - a phial of floods


   Skills:
 + Level 9.8 Fighting
 + Level 9.1 Maces & Flails
 - Level 6.0 Armour
 + Level 7.6 Dodging
 - Level 2.1 Stealth
 + Level 11.3 Spellcasting
 + Level 12.9 Conjurations
 - Level 0.7 Transmutations
 * Level 10.3 Fire Magic
 + Level 14.5 Earth Magic
 + Level 8.2 Evocations


You had 8 spell levels left.
You knew the following spells:

 Your Spells              Type           Power        Failure   Level
a - Sandblast             Erth           100%         0%          1
b - Stone Arrow           Conj/Erth      100%         1%          3
c - Lee's Rapid Deconstr  Erth           35%          1%          5
d - Iron Shot             Conj/Erth      34%          1%          6
e - Bolt of Magma         Conj/Fire/Erth 32%          1%          5
f - Mephitic Cloud        Conj/Pois/Air  34%          1%          3
g - Starburst             Conj/Fire      31%          1%          6

Your spell library contained the following spells:

 Spells                   Type           Power        Failure   Level
 Iskenderun's Battlesphe  Conj           66%          1%          5
 Magic Dart               Conj           100%         0%          1
 Freeze                   Ice            52%          1%          1
 Shock                    Conj/Air       100%         1%          1
 Passwall                 Tmut/Erth      41%          1%          2
 Conjure Flame            Conj/Fire      62%          1%          3
 Dazzling Flash           Conj/Hex       88%          1%          3
 Static Discharge         Conj/Air       44%          1%          3
 Hailstorm                Conj/Ice       44%          1%          4
 Petrify                  Tmut/Erth      50%          1%          4
 Sticky Flame             Conj/Fire      62%          1%          4
 Leda's Liquefaction      Hex/Erth       24%          2%          4
 Lightning Bolt           Conj/Air       22%          2%          5
 Beastly Appendage        Tmut           34%          3%          1
 Animate Skeleton         Necr           26%          4%          1
 Apportation              Tloc           26%          4%          1
 Corona                   Hex            14%          4%          1
 Sting                    Tmut/Pois      60%          4%          1
 Summon Small Mammal      Summ           52%          4%          1
 Frozen Ramparts          Ice            26%          4%          3
 Blink                    Tloc           N/A          7%          2
 Call Imp                 Summ           13%          7%          2
 Ensorcelled Hibernation  Hex/Ice        26%          7%          2
 Slow                     Hex            13%          7%          2
 Swiftness                Air            13%          7%          2
 Airstrike                Air            6%           12%         4
 Call Canine Familiar     Summ           13%          14%         3
 Confusing Touch          Hex            13%          14%         3
 Ozocubu's Armour         Ice            13%          14%         3
 Portal Projectile        Hex/Tloc       26%          14%         3
 Summon Guardian Golem    Hex/Summ       13%          14%         3
 Tukima's Dance           Hex            13%          14%         3
 Summon Ice Beast         Ice/Summ       13%          41%         4
 Summon Lightning Spire   Summ/Air       13%          41%         4
 Spellforged Servitor     Conj/Summ      22%          54%         7
 Alistair's Intoxication  Tmut/Pois      10%          73%         5
 Metabolic Englaciation   Hex/Ice        6%           77%         5
 Eringya's Noxious Bog    Tmut/Pois      7%           99%         6
 Dispersal                Tloc           6%           100%        6
 Malign Gateway           Summ/Tloc      6%           100%        7
 Statue Form              Tmut/Erth      Unusable     N/A         6

Dungeon Overview and Level Annotations

Branches:
Dungeon (15/15)            Temple (1/1) D:5            Lair (6/6) D:9
 Shoals (2/4) Lair:2       Spider (0/4) Lair:3        Slime (0/5) Lair:5
    Orc (2/2) D:9             Elf (0/3) Orc:2        Vaults (0/5) D:14
 Depths (0/5) D:15         Bailey (visited)           IceCv (visited)
Gauntlet (visited)

Altars:
Ashenzari
Cheibriados
Dithmenos
Elyvilon
Fedhas
Gozag
Hepliaklqana
Kikubaaqudgha
Okawaru
Qazlal
Ru
Vehumet
Wu Jian
Yredelemnul
Zin
The Shining One
Beogh
Jiyva

Shops:
D:5 ??   D:7 *   D:8 [   D:9 *[?[   D:14 *   Orc:2 ?[(!:

Annotations:
D:8 3 runed translucent doors, Sickboy's ghost, novice DrCj
Shoals:2 Polyphemus


Innate Abilities, Weirdness & Mutations

You are resistant to torment.
Your stone body is resilient. (AC +12)
You are immune to poison.
Your large and strong wings let you fly indefinitely.
You resist negative energy. (rN+)
You are resistant to electric shocks. (rElec)
You can survive without breathing.
You are immune to petrification.
You are immune to miasma.
You are partially covered in icy blue scales. (AC +2)
You are partially covered in iridescent scales. (AC +2)


Message History

Confirm with . or Enter, or press ? or * to list all spells.
You don't know that spell.
Unknown command.
Polyphemus throws a large rock.
The large rock hits you!!
* * * LOW HITPOINT WARNING * * *
You hear a splash.
The faun unwields a +0 spear.
The faun wields a +0 hunting sling.
The faun shoots a stone.
The stone hits you.
* * * LOW HITPOINT WARNING * * *
You hear a splash.
The snapping turtle closely misses you.
Things that are here:
a stone; a large rock You feel much better.
The plant is engulfed in a cloud of scalding steam.
The plant begins to die.
The plant is engulfed in a cloud of scalding steam.
The plant begins to die.
Polyphemus throws a large rock.
The large rock hits you!!!
You die...

.. ##........
...####.>.PP≈≈≈.
...?.#....≈≈≈≈≈.
......P...P≈≈≈≈.
.≈≈.......≈≈≈≈≈≈
....HH.....≈≈≈≈≈
.....§...§≈≈≈≈≈
#.§.§t§≈P≈≈≈
##§≈@≈§≈≈≈≈≈
#§.(§≈≈§§§≈
##))§.P≈≈≈P
#C?###PP≈≈≈
.Yc.# .≈≈≈≈
....$# ≈≈≈≈
≈≈§...≈< ≈≈≈≈
≈.....≈≈ ≈
..###.≈≈


You could see Polyphemus, a catoblepas, a snapping turtle, a faun and 2
manticores.

Vanquished Creatures
  Jorgrun (D:15)
  Roxanne (Shoals:1)
  A minotaur (Gauntlet)
  2 dire elephants (Lair:6)
  Josephine (Lair:3)
  A fire dragon (Lair:6)
  4 vault guards (D:14)
  A catoblepas (Lair:6)
  6 hydras
  A boulder beetle (Lair:6)
  3 centaur warriors
  The ghost of SkaryMonk the Martial Artist, a journeyman OpTm of Wu Jian (D:9)
  5 ogre magi (Orc:2)
  5 two-headed ogres
  A tengu warrior (D:14)
  9 death yaks (Lair:6)
  A death knight (D:14)
  The ghost of Sickboy the Grappler, a novice TrBe of Trog (D:7)
  Urug (D:10)
  Sonja (D:11)
  Nergalle (Orc:2)
  A skeletal warrior (D:14)
  3 sea snakes (Shoals:1)
  2 unseen horrors
  3 wizards
  A swamp dragon (Lair:6)
  A necromancer (D:15)
  4 orc knights
  7 harpies (Shoals:1)
  2 lindwurms (Lair:6)
  6 orc sorcerers
  8 manticores
  2 wolf spider zombies (D:15)
  2 deep elf magi
  4 ugly things
  A faun (Shoals:2)
  2 oklob plants
  3 cyclopes
  7 elephants
  A moth of wrath (Gauntlet)
  2 black mambas
  5 merfolk sirens
  A water nymph (Shoals:1)
  A smoke demon (Gauntlet)
  Joseph (D:7)
  3 ice statues (IceCv)
  8 gargoyles
  Maggie (D:8)
  15 cane toads
  2 naga magi (D:15)
  A kobold demonologist (D:14)
  3 rime drakes (Lair:6)
  7 komodo dragons
  A freezing wraith (D:14)
  7 merfolk
  A jumping spider (Lair:3)
  A red devil (Gauntlet)
  10 trolls
  Grinder (D:5)
  A hornet (shapeshifter) (D:15)
  A wind drake (Shoals:1)
  3 polar bears
  9 blink frogs (Lair:6)
  4 slime creatures (D:13)
  6 dream sheep (Lair:6)
  3 snapping turtles (Shoals:1)
  A meliai zombie (D:15)
  2 shadows
  2 centaur simulacra
  2 redbacks (Gauntlet)
  A tarantella (shapeshifter) (D:14)
  11 wraiths
  51 yaks
  9 wyverns
  7 basilisks
  3 steam dragons
  Edmund (D:5)
  3 wargs
  9 water moccasins
  3 acid dragons
  Duvessa (D:4)
  4 sky beasts
  2 hornet zombies
  A swamp drake (Lair:6)
  25 orc warriors
  4 black bears
  2 eyes of draining
  A phantom (D:5)
  19 ice beasts
  A wolf (Lair:6)
  A necrophage (D:11)
  11 ogres
  23 centaurs
  14 big kobolds
  25 bullfrogs
  Blork the orc (D:6)
  A wyvern zombie (D:7)
  Dowan (D:4)
  2 scorpions
  2 wyvern skeletons
  18 killer bees
  12 wights
  2 electric eels
  3 howler monkeys
  4 crimson imps (Gauntlet)
  A bullfrog zombie (D:9)
  2 jellies
  A wyvern simulacrum (D:12)
  2 centaur skeletons
  4 centaur zombies
  3 hounds
  Crazy Yiuf (D:6)
  15 orc priests
  3 bullfrog skeletons
  31 orc wizards
  6 iguanas
  9 worker ants
  2 bullfrog simulacra (D:12)
  A hound zombie (D:6)
  2 hound skeletons
  3 gnolls (D:5)
  17 adders
  3 shadow imps
  7 white imps
  2 ufetubi (D:12)
  An adder skeleton (D:9)
  3 worms
  4 dart slugs
  5 leopard geckos
  80 orcs
  A ball python (D:1)
  6 bats
  3 giant cockroaches
  6 goblins
  8 hobgoblins
  18 jackals
  5 quokkas
  5 frilled lizards
  35 kobolds
  A quokka skeleton (D:8)
  A rat (D:3)
  3 bushes
791 creatures vanquished.

Vanquished Creatures (others)
  An orc wizard (Orc:2)
  A kobold (D:5)
  17 fungi
  62 plants
81 creatures vanquished.

Grand Total: 872 creatures vanquished

Notes
Turn   | Place    | Note
-------+----------+-------------------------------------------
     0 | D:1      | Kaver the Gargoyle Earth Elementalist began the quest for
                  | the Orb.
     0 | D:1      | Reached XP level 1. HP: 10/10 MP: 3/3
   243 | D:1      | Reached XP level 2. HP: 8/15 MP: 0/5
   251 | D:1      | Reached skill level 4 in Earth Magic
   772 | D:1      | Reached XP level 3. HP: 19/19 MP: 6/6
   776 | D:1      | Learned a level 3 spell: Stone Arrow
  1421 | D:2      | Reached skill level 1 in Conjurations
  1432 | D:2      | Reached XP level 4. HP: 22/24 MP: 8/8
  1880 | D:3      | Found an opulent altar of Gozag.
  2348 | D:3      | Reached skill level 5 in Earth Magic
  2348 | D:3      | Reached XP level 5. HP: 19/28 MP: 5/9
  2752 | D:3      | Noticed a sky beast
  2791 | D:3      | Killed a sky beast
  2792 | D:3      | Reached XP level 6. HP: 10/32 MP: 5/11
  2848 | D:3      | Learned a level 5 spell: Lee's Rapid Deconstruction
  3483 | D:4      | Learned a level 3 spell: Mephitic Cloud
  3580 | D:4      | Noticed Duvessa
  3581 | D:4      | Noticed Dowan
  3609 | D:4      | Killed Duvessa
  3610 | D:4      | Reached skill level 6 in Earth Magic
  3643 | D:4      | Killed Dowan
  3644 | D:4      | Reached XP level 7. HP: 31/36 MP: 8/13
  4121 | D:5      | Entered Level 5 of the Dungeon
  4505 | D:5      | Found Orhulasm's Magic Scroll Emporium.
  4511 | D:5      | Bought a scroll of identify for 28 gold pieces
  4511 | D:5      | Bought a scroll of identify for 28 gold pieces
  4511 | D:5      | Bought a scroll of magic mapping for 49 gold pieces
  4706 | D:5      | Found Oskuf's Magic Scroll Boutique.
  4709 | D:5      | Bought a scroll of identify for 26 gold pieces
  4952 | D:5      | Reached skill level 7 in Earth Magic
  5033 | D:5      | Noticed Edmund
  5051 | D:5      | Killed Edmund
  5052 | D:5      | Reached skill level 5 in Spellcasting
  5052 | D:5      | Reached skill level 5 in Conjurations
  5052 | D:5      | Reached XP level 8. HP: 40/41 MP: 1/15
  5153 | D:5      | Found a staircase to the Ecumenical Temple.
  5165 | Temple   | Entered the Ecumenical Temple
  5211 | Temple   | Became a worshipper of Vehumet
  5405 | D:5      | Noticed Grinder
  5410 | D:5      | Killed Grinder
  5604 | D:5      | Reached skill level 8 in Earth Magic
  5939 | D:6      | Found a runed translucent door.
  5940 | D:6      | Noticed Crazy Yiuf
  5946 | D:6      | Killed Crazy Yiuf
  6065 | D:6      | Reached XP level 9. HP: 36/45 MP: 18/18
  6490 | D:6      | Reached * piety under Vehumet
  6490 | D:6      | Offered knowledge of Shock by Vehumet.
  6501 | D:6      | Reached skill level 9 in Earth Magic
  6813 | D:6      | Noticed Blork the orc
  6815 | D:6      | Killed Blork the orc
  7149 | D:7      | Found a runed translucent gate.
  7150 | D:7      | Found a runed translucent gate.
  7151 | D:7      | Found a runed translucent gate.
  7157 | D:7      | Noticed Sickboy's ghost (novice TrBe)
  7157 | D:7      | Identified the cursed +1 whip of Impermanence {venom, rF+
                  | rN+}
  7312 | D:7      | Noticed Joseph
  7337 | D:7      | Killed Joseph
  7556 | D:7      | Gained mutation: You are partially covered in icy blue
                  | scales. (AC +2) [potion of mutation]
  7556 | D:7      | Gained mutation: You are partially covered in iridescent
                  | scales. (AC +2) [potion of mutation]
  7599 | D:7      | Found Hanuduogga's General Store.
  8116 | D:5      | Bought a scroll of immolation for 49 gold pieces
  8178 | D:5      | Bought a scroll of remove curse for 39 gold pieces
  8178 | D:5      | Bought a scroll of identify for 26 gold pieces
  8178 | D:5      | Bought a scroll of teleportation for 39 gold pieces
  8178 | D:5      | Bought a scroll of identify for 26 gold pieces
  8251 | D:7      | Reached skill level 10 in Earth Magic
  8251 | D:7      | Reached XP level 10. HP: 50/50 MP: 21/21
  8253 | D:7      | Reached ** piety under Vehumet
  8253 | D:7      | Offered knowledge of Foxfire by Vehumet.
  8295 | D:7      | Killed Sickboy's ghost
  8731 | D:8      | Noticed Maggie
  8764 | D:8      | Found a flagged portal.
  8781 | Bailey   | Entered a bailey
  8875 | Bailey   | Noticed an orc knight
  9352 | Bailey   | Reached skill level 1 in Armour
  9352 | Bailey   | Killed an orc knight
  9353 | Bailey   | Reached skill level 1 in Fighting
  9353 | Bailey   | Reached skill level 1 in Maces & Flails
  9353 | Bailey   | Reached skill level 1 in Evocations
  9785 | D:8      | Found a runed translucent gate.
  9785 | D:8      | Found a runed translucent gate.
  9786 | D:8      | Found a runed translucent gate.
  9787 | D:8      | Noticed Sickboy's ghost (novice DrCj)
  9789 | D:8      | Found a viscous altar of Jiyva.
  9850 | D:8      | Offered knowledge of Ignite Poison by Vehumet.
 10083 | D:8      | Noticed a deep elf mage
 10090 | D:8      | Killed a deep elf mage
 10091 | D:8      | Reached skill level 11 in Earth Magic
 10203 | D:8      | Reached *** piety under Vehumet
 10214 | D:8      | Found Wigeeka's Antique Armour Shoppe.
 10235 | D:8      | Got a flickering bone ring
 10237 | D:8      | Identified the ring of the Falcon {+Fly rPois rN+ Int-2
                  | SInv} (You found it on level 8 of the Dungeon)
 10383 | D:8      | Killed Maggie
 10470 | D:9      | Found Ohanaod's Magic Scroll Boutique.
 10476 | D:9      | Bought a scroll of identify for 26 gold pieces
 10476 | D:9      | Bought a scroll of magic mapping for 45 gold pieces
 10476 | D:9      | Bought a scroll of identify for 26 gold pieces
 10555 | D:5      | Bought a scroll of teleportation for 39 gold pieces
 10555 | D:5      | Bought a scroll of magic mapping for 45 gold pieces
 10555 | D:5      | Bought a scroll of noise for 13 gold pieces
 10642 | D:9      | Reached XP level 11. HP: 51/58 MP: 23/23
 10723 | D:9      | Found a staircase to the Lair.
 10732 | D:9      | Found a runed translucent gate.
 10733 | D:9      | Found a runed translucent gate.
 10733 | D:9      | Found a runed translucent gate.
 10733 | D:9      | Noticed SkaryMonk's ghost (journeyman OpTm)
 10743 | D:9      | Killed SkaryMonk's ghost
 10877 | D:9      | Found a broken altar of Ashenzari.
 10890 | D:9      | Offered knowledge of Fulminant Prism by Vehumet.
 10949 | D:9      | Found Zeluitei's General Store.
 11208 | D:9      | Reached **** piety under Vehumet
 11341 | D:9      | Found Erites's Armour Shoppe.
 11359 | D:9      | Found Joxtyvy's Armour Emporium.
 11988 | D:9      | Found a staircase to the Orcish Mines.
 12137 | D:10     | Entered Level 10 of the Dungeon
 12217 | D:9      | Offered knowledge of Olgreb's Toxic Radiance by Vehumet.
 12514 | D:10     | Noticed a purple ugly thing
 12515 | D:10     | Noticed Urug
 12522 | D:10     | Killed a purple ugly thing
 12529 | D:10     | Killed Urug
 12736 | D:10     | Reached skill level 10 in Conjurations
 13219 | D:10     | Reached XP level 12. HP: 67/67 MP: 20/25
 13497 | D:11     | Noticed a two-headed ogre
 13505 | D:11     | Killed a two-headed ogre
 13506 | D:11     | Reached skill level 5 in Armour
 13559 | D:11     | Reached skill level 12 in Earth Magic
 13624 | D:11     | Noticed a two-headed ogre
 13630 | D:11     | Killed a two-headed ogre
 13631 | D:11     | Reached skill level 5 in Fighting
 13655 | D:11     | Reached ***** piety under Vehumet
 13725 | D:11     | Offered knowledge of Bolt of Magma by Vehumet.
 13939 | D:11     | Noticed Sonja
 13941 | D:11     | Killed Sonja
 13971 | D:11     | You fall into a shaft and drop 2 floors!
 14068 | D:12     | Found a frozen archway.
 14074 | IceCv    | Entered an ice cave
 14077 | IceCv    | Reached skill level 5 in Maces & Flails
 14505 | IceCv    | Got faintly glowing ice dragon scales
 14645 | D:12     | Learned a level 5 spell: Bolt of Magma
 14956 | D:11     | Reached skill level 1 in Fire Magic
 15579 | D:12     | Reached XP level 13. HP: 74/74 MP: 26/26
 16258 | D:13     | Reached skill level 5 in Dodging
 16258 | D:13     | Reached skill level 5 in Evocations
 17279 | D:14     | Identified a scroll of acquirement
 17279 | D:14     | Acquired 452 gold pieces
 17312 | D:14     | Found a gate to the Vaults.
 17312 | D:14     | Noticed a vault guard
 17312 | D:14     | Noticed a vault guard
 17312 | D:14     | Noticed a vault guard
 17313 | D:14     | Noticed a vault guard
 17316 | D:14     | Killed a vault guard
 17316 | D:14     | Killed a vault guard
 17316 | D:14     | Killed a vault guard
 17317 | D:14     | Killed a vault guard
 17317 | D:14     | Offered knowledge of Lightning Bolt by Vehumet.
 17318 | D:14     | Reached skill level 10 in Spellcasting
 17618 | D:14     | Identified the cursed +0 ice dragon scales "Yfiruff" {rF-
                  | rC++ Will++ Regen+ Slay-4 Stlth-} (You found it in an ice
                  | cave)
 17696 | D:14     | Reached skill level 5 in Fire Magic
 18117 | D:14     | Reached skill level 13 in Earth Magic
 18125 | D:14     | Gained mutation: Your large and strong wings let you fly
                  | indefinitely. [Gargoyle growth]
 18125 | D:14     | Reached XP level 14. HP: 60/82 MP: 5/28
 18461 | D:14     | Found Sibul's Assorted Antiques.
 18469 | D:14     | Bought a smoking ivory ring for 125 gold pieces
 18469 | D:14     | Identified the ring of Xom's Full Attention {rC+ Str+6
                  | Dex+2} (You bought it in a shop on level 14 of the Dungeon)
 18511 | D:14     | Acquired 980 gold pieces
 18757 | D:9      | Bought a scroll of acquirement for 780 gold pieces
 18761 | D:9      | Acquired the Disquisition on Entrancing Conjuration
 18770 | D:9      | Learned a level 6 spell: Iron Shot
 18804 | Lair:1   | Entered Level 1 of the Lair of Beasts
 20086 | Lair:2   | Found a gate leading to a gauntlet.
 20116 | Gauntlet | Entered a Gauntlet
 20116 | Gauntlet | Found a transporter.
 20116 | Gauntlet | Found a transporter.
 20116 | Gauntlet | Found a runed translucent door.
 20116 | Gauntlet | Found a runed translucent door.
 20150 | Gauntlet | Found a transporter.
 20153 | Gauntlet | Found a transporter.
 20157 | Gauntlet | Found a runed translucent door.
 20159 | Gauntlet | Found a runed translucent door.
 20161 | Gauntlet | Found a transporter.
 20165 | Gauntlet | Found a transporter.
 20175 | Gauntlet | Found a transporter.
 20193 | Gauntlet | Found a transporter.
 20211 | Gauntlet | Found a transporter.
 20215 | Gauntlet | Found a transporter.
 20223 | Gauntlet | Found a transporter.
 20227 | Gauntlet | Found a transporter.
 20403 | Gauntlet | Offered knowledge of Starburst by Vehumet.
 20888 | Gauntlet | Got a slimy bronze ring
 20889 | Gauntlet | Identified the ring of Ozxuddo {rPois MP-9 Str+6 Stlth+}
                  | (You found it in a Gauntlet)
 20916 | Gauntlet | Identified Sif Muna's Collected Works on Displaced Stones
 21152 | Lair:2   | Learned a level 6 spell: Starburst
 21216 | Lair:2   | Found a staircase to the Shoals.
 22266 | Lair:3   | Found a hole to the Spider Nest.
 22590 | Lair:4   | Noticed Josephine
 22610 | Lair:3   | Killed Josephine
 23590 | Lair:5   | Found a viscous altar of Jiyva.
 23591 | Lair:5   | Found a staircase to the Slime Pits.
 24788 | Lair:6   | Entered Level 6 of the Lair of Beasts
 24898 | Lair:6   | Reached XP level 15. HP: 59/88 MP: 29/29
 25236 | Lair:6   | Reached ****** piety under Vehumet
 25308 | Lair:6   | Offered knowledge of Freezing Cloud by Vehumet.
 26851 | Lair:6   | Reached skill level 14 in Earth Magic
 26939 | Lair:6   | Got a twisted robe
 26949 | Lair:6   | Identified the cursed +1 robe "Hestif" {rN+ MP+9 Dex-4}
                  | (You found it on level 6 of the Lair of Beasts)
 27294 | Orc:1    | Entered Level 1 of the Orcish Mines
 27347 | Orc:2    | Entered Level 2 of the Orcish Mines
 27347 | Orc:2    | Found a staircase to the Elven Halls.
 28107 | Orc:2    | Found Umitt's Magic Scroll Emporium.
 28123 | Orc:2    | Bought a scroll of teleportation for 42 gold pieces
 28123 | Orc:2    | Bought 3 scrolls of identify for 84 gold pieces
 28227 | Orc:2    | Offered knowledge of Conjure Ball Lightning by Vehumet.
 28426 | Orc:2    | Found Avairah's Book Emporium.
 28468 | Orc:2    | Found an ancient bone altar of Kikubaaqudgha.
 28468 | Orc:2    | Noticed Nergalle
 28472 | Orc:2    | Paralysed by an orc sorcerer for 3 turns
 28547 | Orc:2    | Killed Nergalle
 28674 | Orc:2    | Found Diashrisal's Antique Armour Shoppe.
 28708 | Orc:2    | Found a radiant altar of Vehumet.
 28712 | Orc:2    | Reached XP level 16. HP: 96/96 MP: 29/31
 28765 | Orc:2    | Found Sazir's Distillery.
 28948 | Orc:2    | Found a roughly hewn altar of Beogh.
 28974 | Orc:2    | Found Ufiofew's Antique Weapon Emporium.
 29011 | Orc:2    | Bought a potion of cancellation for 120 gold pieces
 29011 | Orc:2    | Bought a potion of brilliance for 60 gold pieces
 29011 | Orc:2    | Bought a potion of magic for 120 gold pieces
 29011 | Orc:2    | Bought a potion of might for 60 gold pieces
 29011 | Orc:2    | Bought a potion of curing for 45 gold pieces
 29011 | Orc:2    | Bought a potion of curing for 45 gold pieces
 29011 | Orc:2    | Bought a potion of magic for 120 gold pieces
 29344 | Orc:2    | Bought a shiny helmet for 210 gold pieces
 29355 | Orc:2    | Bought an embroidered hat for 196 gold pieces
 29557 | D:15     | Entered Level 15 of the Dungeon
 29847 | D:15     | Found a staircase to the Depths.
 29945 | D:15     | Found an ornate altar of the Wu Jian Council.
 30341 | D:15     | Noticed Jorgrun
 30362 | D:15     | Killed Jorgrun
 30756 | D:15     | Offered knowledge of Iskenderun's Battlesphere by Vehumet.
 31129 | Shoals:1 | Entered Level 1 of the Shoals
 31140 | Shoals:1 | Identified Roxanne's Disquisition on Shape Shifting
 31140 | Shoals:1 | Noticed Roxanne
 31145 | Shoals:1 | Killed Roxanne
 31156 | Shoals:1 | Reached skill level 10 in Fire Magic
 32655 | Shoals:2 | Noticed Polyphemus
 32660 | Shoals:2 | Hit by a large rock thrown by Polyphemus

Illustrated notes

Levels and vault maps discovered:
D:1:      dpeg_arrival_houses_and_road, layout_loops_ring, serial_forest,
          infiniplex_forest_straight_2, infiniplex_forest_straight_5,
          infiniplex_forest_straight_4, infiniplex_forest_lined_2,
          infiniplex_forest_clump_medium, infiniplex_forest_corner_2
D:2:      layout_rooms, kennysheep_small_spiral
D:3:      layout_basic, lemuel_altar_in_water
D:4:      layout_basic, uniq_duvessa
D:5:      minmay_general_purpose_star, layout_loops_corners,
          minmay_temple_entry_junction, serial_shops, shop,
          nicolae_shop_statue_plus, uniq_grinder, uniq_edmund
D:6:      layout_basic, palyth_stone_intersect, uniq_crazy_yiuf_cottage,
          uniq_blork_the_orc
D:7:      layout_basic, gammafunk_ghost_nasty_kobolds, serial_shops,
          nicolae_shop_statue_plus, uniq_joseph
D:8:      minmay_chambers_of_sixes, layout_rooms, serial_shops, kennysheep_mini,
          enter_bailey_2, gammafunk_ghost_ooze, uniq_maggie
D:9:      layout_roguey, cheibrodos_ashenzari_chains, lair_entry_dummy,
          erik_orc_2, serial_shops, nicolae_shop_temple_entry_statues_fountains,
          shop, shop, shop_statue, gammafunk_ghost_spectres
D:10:     cheibrodos_statue_roulette, layout_loops_ring, lemuel_old_faithful,
          uniq_urug
D:11:     layout_gridville, statue_in_the_mist_lemuel, uniq_sonja
D:12:     layout_irregular_city, serial_ice, serial_ice_f, serial_ice_k,
          serial_ice_o, serial_ice_a, portal_ice_cave_entry_ice_beasts
D:13:     layout_irregular_city
D:14:     kennysheep_room_grid, layout_cave_pools,
          lightli_vaults_fourway_checkpoint, serial_shops, shop,
          minmay_misc_feat_four_crosses
D:15:     grunt_enter_depths_magical_seal, layout_gridville,
          serial_bayou_pond_d, basic_altar, uniq_jorgrun
Temple:   nicolae_temple_the_god_donut
Lair:1:   layout_cave_pods
Lair:2:   layout_misc_corridors, elwin_shoals_entry_stream,
          gauntlet_entry_generic
Lair:3:   layout_misc_corridors, spider_nest_entry_rubble
Lair:4:   layout_gridlike, hangedman_lair_unloving_vines,
          grunt_forest_small_clearing_treed, grunt_megastairs_3, uniq_josephine
Lair:5:   layout_hall_layers, slime_altar_1, minmay_lair_oklob_bushes
Lair:6:   guppyfry_lair_end_dragon, layout_cave_shapes,
          hangedman_lair_in_review, serial_rivers,
          chequers_serial_rivers_micro_c, chequers_serial_rivers_micro_a,
          chequers_serial_rivers_marsh, chequers_serial_rivers_micro_e,
          chequers_serial_rivers_large_a, serial_bayou_pond_b
Shoals:1: layout_shoals, nzn_prometheus_bound, uniq_roxanne
Shoals:2: layout_shoals, ldierk_geyser, uniq_polyphemus
Orc:1:    layout_diamond_mine
Orc:2:    kennysheep_orc_mage_school, layout_diamond_mine, serial_shops,
          nicolae_shop_waterfront, special_room

Skill      XL: |  1  2  3  4  5  6  7  8  9 10 11 12 13 14 15 16 |
---------------+-------------------------------------------------+-----
Earth Magic    | 4 5 6 7 8 10 11 12 13 14 | 14.5
Conjurations   | 1 2 3 5 6 8 9 10 11 12 | 12.9
Spellcasting   | 3 4 5 6 7 8 9 10 11 | 11.3
Armour         | 2 4 6 |  6.0
Fighting       | 2 4 5 7 8 9 |  9.8
Maces & Flails | 2 4 5 6 7 8 9 |  9.1
Dodging        | 2 3 4 5 6 7 |  7.6
Evocations     | 2 3 4 5 6 7 8 |  8.2
Fire Magic     | 1 5 7 9 10 | 10.3
Stealth        | |  2.1
Transmutations | |  0.7

Action                   |  1- 3 |  4- 6 |  7- 9 | 10-12 | 13-15 | 16-18 || total
-------------------------+-------+-------+-------+-------+-------+-------++-------
Melee: Club              |    25 |       |       |       |       |       ||    25
       Unarmed           |     2 |       |       |       |       |       ||     2
       Short sword       |   135 |    79 |    48 |       |       |       ||   262
       Dagger            |     3 |    47 |   290 |       |       |       ||   340
       Whip              |       |       |       |   587 |   911 |   253 ||  1751
 Cast: Sandblast         |    15 |    19 |    54 |    71 |    21 |       ||   180
       Stone Arrow       |       |     1 |     8 |    42 |    10 |       ||    61
       Lee's Rapid Decon |       |       |     3 |    98 |   120 |    20 ||   241
       Mephitic Cloud    |       |       |       |    13 |       |     3 ||    16
       Bolt of Magma     |       |       |       |       |    66 |     6 ||    72
       Starburst         |       |       |       |       |    44 |    17 ||    61
       Iron Shot         |       |       |       |       |    52 |    46 ||    98
 Abil: Fly               |       |       |       |       |     1 |       ||     1
Evoke: Wand              |       |       |       |    10 |     5 |       ||    15
       Lightning rod     |       |       |       |     4 |       |       ||     4
       Condenser vane    |       |       |       |       |     2 |       ||     2
       Tin of tremorston |       |       |       |       |     2 |       ||     2
  Use: Potion            |     1 |     2 |     2 |     5 |     1 |     1 ||    12
       Scroll            |       |     8 |    14 |     7 |    20 |     3 ||    52
 Stab: Sleeping          |     3 |     4 |     8 |     1 |     3 |     1 ||    20
       Confused          |       |       |       |     2 |     2 |     3 ||     7
Armor: Robe              |    19 |    41 |   103 |   161 |       |       ||   324
       Steam dragon scal |       |       |       |   283 |   610 |   145 ||  1038
Dodge: Dodged            |    47 |    53 |   177 |   544 |   704 |   203 ||  1728
Block: Other             |     2 |    35 |    79 |    36 |       |       ||   152
       Reflection        |       |       |    10 |    15 |       |       ||    25

Table legend: (Time is in decaauts)
 A = Elapsed time spent in this place.
 B = Non-inter-level travel time spent in this place.
 C = Inter-level travel time spent in this place.
 D = Time resting spent in this place.
 E = Time spent auto-exploring this place.
 F = Levels seen in this place.
 G = Mean time per level.
                   A        B        C        D        E       F      G
               +--------+--------+--------+--------+--------+-----+--------+
         Total |  32271 |  30229 |   2042 |   6215 |  17307 |  29 | 1112.8 |
       Dungeon |  18904 |  17514 |   1390 |   2649 |  10728 |  15 | 1260.3 |
        Temple |     72 |     46 |     26 |      0 |     30 |   1 |   72.0 |
          Lair |   7557 |   7194 |    363 |   1327 |   4664 |   6 | 1259.5 |
        Shoals |   1289 |   1242 |     47 |    268 |    748 |   2 |  644.5 |
  Orcish Mines |   2102 |   1888 |    214 |    486 |    907 |   2 | 1051.0 |
        Bailey |    859 |    859 |      0 |    471 |     86 |   1 |  859.0 |
      Ice Cave |    489 |    489 |      0 |    327 |      0 |   1 |  489.0 |
      Gauntlet |    994 |    994 |      0 |    687 |    144 |   1 |  994.0 |
               +--------+--------+--------+--------+--------+-----+--------+

Top non-repeatable levels by time:
  Lair:6: 2313 daAuts
     D:9: 2031 daAuts
   Orc:2: 1631 daAuts
     D:5: 1615 daAuts
     D:6: 1546 daAuts
     D:3: 1432 daAuts
     D:7: 1430 daAuts
    D:14: 1424 daAuts
    D:15: 1328 daAuts
Shoals:1: 1276 daAuts
     D:1: 1231 daAuts
  Lair:5: 1215 daAuts
    D:12: 1209 daAuts
  Lair:1: 1196 daAuts
    D:11: 1133 daAuts
